 Dungeon Crawl Stone Soup version 0.24.0-1-gfbc8707122 (webtiles) character file.

Game seed: 15726541930334646178, levelgen mode: deterministic

565 Mrkan the Chopper (level 7, 0/61 HPs)
             Began as a Hill Orc Fighter on Oct 27, 2019.
             Was a Believer of Elyvilon.
             Slain by an iron imp (6 damage)
             ... summoned by Eustachio
             ... on level 5 of the Dungeon.
             The game lasted 00:07:31 (3810 turns).

Mrkan the Chopper (Hill Orc Fighter)                Turns: 3810, Time: 00:07:31

Health: 0/61       AC:  8    Str: 21    XL:     7   Next: 32%
Magic:  9/9        EV:  5    Int:  8    God:    Elyvilon [**....]
Gold:   263        SH:  0    Dex: 10    Spells: 6/6 levels left

rFire    . . .     SeeInvis .   a - +0 war axe
rCold    . . .     Gourm    .   c - +0 shield
rNeg     . . .     Faith    .   s - +0 chain mail
rPois    .         Spirit   .   (no helmet)
rElec    .         Reflect  .   (no cloak)
rCorr    .         Harm     .   (no gloves)
MR       .....                  (no boots)
Stlth    ..........             (no amulet)
HPRegen  0.20/turn              (no ring)
MPRegen  0.11/turn              (no ring)

@: confused, heavily drained
A: no striking features
a: Lesser Healing, Heal Other, Divine Protection, Renounce Religion


You were on level 5 of the Dungeon.
You worshipped Elyvilon.
Elyvilon was pleased with you.
You were not hungry.

You visited 1 branch of the dungeon, and saw 5 of its levels.

You collected 263 gold pieces.

Inventory:

Hand Weapons
 a - a +0 war axe (weapon)
Armour
 c - a +0 shield (worn)
 s - a +0 chain mail (worn)
Jewellery
 p - a +4 ring of dexterity {unknown}
Wands
 d - a wand of flame (19)
Scrolls
 e - 5 scrolls of teleportation {unknown}
 g - a scroll of fear {unknown}
 i - 3 scrolls of enchant armour {unknown}
 k - 4 scrolls of identify {unknown}
 o - 2 scrolls of enchant weapon {unknown}
 q - 2 scrolls of immolation {unknown}
 r - a scroll of blinking {unknown}
 u - 2 scrolls of remove curse {unknown}
Potions
 b - a potion of agility {unknown}
 h - a potion of heal wounds {unknown}
 l - 2 potions of degeneration {unknown}
 m - a potion of curing
 n - a potion of haste {unknown}
 t - a potion of might
 v - a potion of flight {unknown}
Comestibles
 f - 9 rations


   Skills:
 + Level 5.5(3.4) Fighting
 * Level 7.1(4.9) Axes
 - Level 3.2(1.3) Armour
 + Level 5.0(2.9) Shields
 + Level 3.2(1.2) Invocations


You had 6 spell levels left.
You didn't know any spells.
Your spell library was empty.

Dungeon Overview and Level Annotations

Branches:
Dungeon (5/15)
 Temple: D:4-7

Altars:
Elyvilon
Kikubaaqudgha
Okawaru
Sif Muna

Annotations:
D:5 2 transporters, Eustachio; Ralsei's ghost, novice DEFE


Message History

You block the rat's attack.
Eustachio casts a spell.
Eustachio blinks!
The river rat bites you.
* * * LOW HITPOINT WARNING * * *
The rat bites you but does no damage. You block the river rat's attack.
You eat one of the 10 rations.
That ration really hit the spot!
You block the bat's attack.
A jackal comes into view.
The bat hits you but does no damage. You block the river rat's attack. x2
The rat bites you but does no damage.
You are confused.
You feel invigorated. The bat closely misses you.
The iron imp barely misses you. The river rat barely misses you.
The river rat bites you.
* * * LOW HITPOINT WARNING * * *
The rat bites you but does no damage. The bat hits you but does no damage.
The river rat bites you.
* * * LOW HITPOINT WARNING * * *
The iron imp hits you.
You die...

#.# #......# #.#
#.####.#
#####.#####.## #.#
.............###.###
#####........#.....#
##...>.#.#.#.#.#
#######...##...r.r(#
.........#####@#.#.#
#.......... #.r@5.#
..####.####. ###[#.#
..# .. #b#.# ..# .h.
. ..# ...... ...
....###$ ..#. #.#.#
.. #.#.. .. .# #.#
..


You could see Eustachio, an iron imp, 2 river rats, a jackal, a bat and a rat.

Vanquished Creatures
  An ogre (D:4)
  A howler monkey (D:4)
  A vampire bat (D:4)
  A gnoll shaman (D:4)
  4 orc wizards
  A hound zombie (D:4)
  4 gnolls (D:4)
  9 adders
  An ooze (D:3)
  An adder zombie (D:5)
  An adder skeleton (D:4)
  3 worms
  5 dart slugs
  2 leopard geckos
  16 orcs
  10 bats
  4 bat zombies (D:4)
  9 giant cockroaches
  5 goblins
  6 hobgoblins
  A jackal (D:1)
  A ball python (D:4)
  4 frilled lizards
  10 kobolds
  7 rats
108 creatures vanquished.

Notes
Turn   | Place    | Note
-------+----------+-------------------------------------------
     0 | D:1      | Mrkan the Hill Orc Fighter began the quest for the Orb.
     0 | D:1      | Reached XP level 1. HP: 19/19 MP: 1/1
    92 | D:1      | Reached skill level 3 in Axes
   137 | D:1      | Reached XP level 2. HP: 23/27 MP: 2/2
   426 | D:1      | Reached XP level 3. HP: 29/33 MP: 3/3
   614 | D:2      | Reached skill level 4 in Axes
   900 | D:2      | Found a white marble altar of Elyvilon.
   915 | D:2      | Reached XP level 4. HP: 40/40 MP: 4/4
  1313 | D:2      | Found a shimmering blue altar of Sif Muna.
  1386 | D:2      | Became a worshipper of Elyvilon the Healer
  1475 | D:3      | Found an iron altar of Okawaru.
  1705 | D:3      | Reached skill level 5 in Axes
  1705 | D:3      | Reached XP level 5. HP: 45/47 MP: 5/5
  2101 | D:4      | Reached skill level 1 in Invocations
  2156 | D:4      | Found an ancient bone altar of Kikubaaqudgha.
  2293 | D:4      | Reached * piety under Elyvilon
  2381 | D:4      | Reached XP level 6. HP: 15/55 MP: 5/7
  2397 | D:4      | Reached skill level 5 in Fighting
  2398 | D:4      | Reached skill level 6 in Axes
  3195 | D:4      | Reached XP level 7. HP: 53/61 MP: 9/9
  3244 | D:4      | Reached skill level 5 in Shields
  3526 | D:5      | Entered Level 5 of the Dungeon
  3553 | D:5      | Found a transporter.
  3553 | D:5      | Noticed Ralsei's ghost (novice DEFE)
  3596 | D:5      | Reached ** piety under Elyvilon
  3642 | D:5      | Reached skill level 7 in Axes
  3703 | D:5      | Found a transporter.
  3774 | D:5      | Noticed Eustachio
  3810 | D:5      | Slain by an iron imp

Levels and vault maps discovered:
D:1:      saegor_arrival_simple_c, layout_basic
D:2:      layout_basic, nicolae_overflow_crystal_walls, marbit_many_paths
D:3:      layout_rooms, kennysheep_okawaru_gauntlet, chequers_big_river
D:4:      layout_loops_corners, kennysheep_vampire_church, first_ration
D:5:      layout_loops_ring, old_standard_altar, gammafunk_ghost_arena,
          uniq_eustachio

Skill      XL: |  1  2  3  4  5  6  7 |
---------------+----------------------+-----
Axes           | 3 4 5 6 7 |  7.1
Fighting       | 4 5 |  5.5
Shields        | 4 5 |  5.0
Invocations    | 1 2 3 |  3.2
Armour         | |  3.2

Action                   |  1- 3 |  4- 6 |  7- 9 || total
-------------------------+-------+-------+-------++-------
Melee: War axe           |    77 |   177 |    84 ||   338
Invok: Lesser Healing    |       |     1 |     1 ||     2
  Use: Potion            |       |     4 |     2 ||     6
  Eat: Chunk             |       |     8 |       ||     8
       Ration            |       |       |     1 ||     1
Armor: Scale mail        |    58 |    99 |       ||   157
       Chain mail        |       |    65 |    74 ||   139
Dodge: Dodged            |    34 |    76 |    34 ||   144
Block: Shield            |    39 |    98 |    67 ||   204
